 Dungeon Sprint DCSS version 0.19.3-4-gbf9329e (webtiles) character file.

1152 Kagutsuchi the Carver (level 8, -3/121 HPs)
             Began as a Mottled Draconian Berserker on Jan 27, 2017.
             Was a Priest of Trog.
             Slain by a polar bear (11 damage)
             ... in the Dungeon (Sprint II: "The Violet Keep of Menkaure").
             The game lasted 00:05:09 (818 turns).

Kagutsuchi the Carver (Mottled Draconian Berserker)  Turns: 818, Time: 00:05:11

Health: -3/121     AC:  6    Str: 20    XL:     8   Next: 16%
Magic:  8/8        EV: 17    Int:  8    God:    Trog [***...]
Gold:   55         SH:  6    Dex: 13    Spells: 0 memorised, 7 levels left

rFire  . . .     SeeInvis .     i - +10 short sword "Ushroasm" {pierce, rC+ MR+ Str-4}
rCold  + . .     Gourm    .     (armour unavailable)
rNeg   . . .     Faith    .     (no shield)
rPois  .         Spirit   .     (helmet restricted)
rElec  .         Reflect  +     (no cloak)
rCorr  .         Harm     .     (no gloves)
MR     +....     NoTele   +     (no boots)
Stlth  ..........               l - +6 amulet of reflection
                                (no ring)
                                (no ring)

@: berserking, lethally poisoned (-3 -> -5), very quick
A: breathe sticky flame splash, unfitting armour, cold-blooded, AC +6
a: Breathe Sticky Flame, Berserk, Trog's Hand, Burn Spellbooks, Renounce
Religion


You were in the Dungeon.
You worshipped Trog.
Trog was most pleased with you.
You were not hungry.

You visited 1 branch You collected 981 gold pieces.
You spent 926 gold pieces at shops.

Inventory:

Hand Weapons
 a - a +0 falchion
 i - the +10 short sword "Ushroasm" (weapon) {pierce, rC+ MR+ Str-4}
   (You bought it in a shop in the Dungeon)

   It inflicts extra damage upon your enemies.
   It affects your strength (-4).
   It protects you from cold.
   It affects your resistance to hostile enchantments.
Missiles
 m - 5 silver javelins (quivered)
Jewellery
 l - a +6 amulet of reflection (around neck)
Scrolls
 h - a scroll of blinking
Potions
 c - 4 potions of curing
 e - a potion of haste
 f - 2 potions of magic
 g - a potion of berserk rage
Comestibles
 b - a bread ration
 j - a meat ration
 k - a slice of pizza


   Skills:
 + Level 10.9 Fighting
 + Level 0.6(7.8) Short Blades
 + Level 12.0 Long Blades
 + Level 9.1 Dodging
 + Level 1.3 Stealth


You had 7 spell levels left.
You didn't know any spells.

Dungeon Overview and Level Annotations

Branches:
Dungeon (1/1)

Altars:
Cheibriados
Dithmenos
Elyvilon
Fedhas
Gozag
Hepliaklqana
Kikubaaqudgha
Makhleb
Qazlal
Ru
Sif Muna
Trog
Xom
Yredelemnul
Beogh
Jiyva
Lugonu

Shops:
D :}:?[!![}*%=[}=(

Annotations:
D exclusion: oklob plant, Roxanne


Innate Abilities, Weirdness & Mutations

You can spit globs of burning liquid.
You can ignite nearby creatures when you spit burning liquid.
Your weird mottled scales are hard. (AC +6)
You cannot fit into any form of body armour.
You are cold-blooded and may be slowed by cold attacks.


Message History

The polar bear claws you but does no damage.
The polar bear closely misses you.
You feel much better.
You feel yourself speed up. The hornet stings you!
* * * LOW HITPOINT WARNING * * *
You shrug off the repeated paralysis!
You block the polar bear's attack. The polar bear claws you.
* * * LOW HITPOINT WARNING * * *
The polar bear barely misses you. The hornet stings you!
* * * LOW HITPOINT WARNING * * *
You are poisoned.
You feel yourself slow down.
A red film seems to cover your vision as you go berserk!
You feel yourself moving faster!
You feel mighty!
You feel a lot more hungry.
You feel yourself speed up.
You feel sick.
The hornet stings you but does no damage.
The polar bear bites you!
You die...

≈.##+# ≈###.### ≈#..#..#
.. ###.#.####..## .#
.###'###.##..# .# #
..##.##...#..# .# .#
##†.<.'.##+..### .##.# =
..##.##...#..§.###^..##▓▓
.###'###.##..§.§@yc≈≈≈≈≈≈
####..####≈≈.§§..h#'#####
≈#.##..#≈≈≈≈≈≈§..≈#.._._.
≈##†#.##≈≈≈≈≈§§≈.§#._._._
≈≈##+##≈≈≈§§≈§≈≈§≈#_._._.
#≈≈≈≈≈≈≈≈≈≈≈§≈§≈§≈#._._._
#+++#+++#≈≈§≈≈≈≈≈≈#.._._.
§§≈≈§ ##≈§≈###≈≈#..._._
§§§§≈≈.§§##§≈# #§§#...._.


You could see a polar bear, a yaktaur and a hornet.

Vanquished Creatures
  A polar bear (D)
  2 tyrant leeches (D)
  4 necrophages (D)
  A crocodile (D)
  A hell rat (D)
  4 worker ants (D)
  3 worms (D)
16 creatures vanquished.

Vanquished Creatures (collateral kills)
  A polar bear (D)
1 creature vanquished.

Vanquished Creatures (others)
  Menkaure (D)
  A crocodile (D)
2 creatures vanquished.

Grand Total: 19 creatures vanquished

Notes
Turn   | Place    | Note
-------+----------+-------------------------------------------
     0 | D        | Kagutsuchi the Draconian Berserker began the quest for the Orb.
     0 | D        | Reached XP level 1. HP: 19/19 MP: 1/1
     1 | D        | Noticed a necrophage
     1 | D        | Noticed a necrophage
     1 | D        | Noticed a necrophage
     1 | D        | Noticed a necrophage
    11 | D        | Killed a necrophage
    11 | D        | Reached skill level 5 in Long Blades
    11 | D        | Reached skill level 5 in Dodging
    11 | D        | Reached XP level 2. HP: 29/29 MP: 2/2
    11 | D        | Reached XP level 3. HP: 36/36 MP: 3/3
    11 | D        | Reached XP level 4. HP: 43/43 MP: 4/4
    18 | D        | Killed a necrophage
    18 | D        | Reached skill level 7 in Long Blades
    18 | D        | Reached XP level 5. HP: 51/51 MP: 5/5
    29 | D        | Killed a necrophage
    29 | D        | Reached ** piety under Trog
    29 | D        | Reached skill level 8 in Long Blades
    33 | D        | Killed a necrophage
    33 | D        | Reached XP level 6. HP: 32/61 MP: 6/6
   172 | D        | Reached skill level 9 in Long Blades
   188 | D        | Reached *** piety under Trog
   205 | D        | Killed Menkaure
   524 | D        | Noticed a tyrant leech
   524 | D        | Noticed a tyrant leech
   531 | D        | Killed a tyrant leech
   531 | D        | Reached skill level 10 in Long Blades
   531 | D        | Your scales start taking on a weird mottled colour.
   531 | D        | Reached XP level 7. HP: 70/70 MP: 7/7
   538 | D        | Killed a tyrant leech
   538 | D        | Reached skill level 10 in Fighting
   538 | D        | Reached skill level 11 in Long Blades
   543 | D        | Found Mirghoq's Antique Weapon Shop.
   544 | D        | Found Jocsabb's Antique Armour Boutique.
   544 | D        | Found Qulu's Jewellery Shop.
   544 | D        | Found Iruibut's Distillery.
   544 | D        | Found Sipput Munwi's Gadget Boutique.
   544 | D        | Found Kiapp's Antique Armour Shop.
   544 | D        | Found Kaclogi's Armour Shop.
   544 | D        | Found Kell's Food Shop.
   544 | D        | Found Jupal's Magic Scroll Boutique.
   544 | D        | Found Xioghali's Gadget Shop.
   544 | D        | Found Gaak's Distillery.
   572 | D        | Reached **** piety under Trog
   584 | D        | Noticed Roxanne
   611 | D        | Found Kitonwoq's Book Shop.
   611 | D        | Found Okogoett's Gadget Boutique.
   611 | D        | Noticed a manticore
   612 | D        | Found Ciolouh's Jewellery Boutique.
   612 | D        | Found Xorameog's Assorted Antiques.
   613 | D        | Noticed a manticore
   613 | D        | Noticed a manticore
   613 | D        | Noticed an oklob plant
   614 | D        | Found Fihi Xiz's Book Shoppe.
   615 | D        | Noticed a hippogriff
   616 | D        | Noticed a hippogriff
   616 | D        | Noticed a hippogriff
   625 | D        | Reached skill level 1 in Stealth
   637 | D        | Bought a potion of curing for 36 gold pieces
   643 | D        | Bought a potion of curing for 39 gold pieces
   643 | D        | Bought a potion of heal wounds for 65 gold pieces
   643 | D        | Bought a potion of curing for 39 gold pieces
   643 | D        | Bought a potion of curing for 39 gold pieces
   643 | D        | Bought a potion of heal wounds for 65 gold pieces
   659 | D        | Bought a brightly glowing short sword for 192 gold pieces
   659 | D        | Identified the +10 short sword "Ushroasm" {pierce, rC+ MR+ Str-4} (You bought it in a shop in the Dungeon)
   740 | D        | Bought a bread ration for 55 gold pieces
   740 | D        | Bought a meat ration for 55 gold pieces
   740 | D        | Bought a slice of pizza for 16 gold pieces
   750 | D        | Bought a +6 amulet of reflection for 325 gold pieces
   767 | D        | Received a gift from Trog
   791 | D        | Found a roughly hewn altar of Beogh.
   792 | D        | Found a hazy altar of Hepliaklqana.
   792 | D        | Found a snail-covered altar of Cheibriados.
   793 | D        | Found a stormy altar of Qazlal.
   793 | D        | Found a viscous altar of Jiyva.
   793 | D        | Found a shadowy altar of Dithmenos.
   794 | D        | Found a sacrificial altar of Ru.
   794 | D        | Found an ancient bone altar of Kikubaaqudgha.
   794 | D        | Found a white marble altar of Elyvilon.
   795 | D        | Found a deep blue altar of Sif Muna.
   795 | D        | Found a shimmering altar of Xom.
   795 | D        | Found a corrupted altar of Lugonu.
   795 | D        | Found a blossoming altar of Fedhas.
   795 | D        | Noticed a polar bear
   796 | D        | Found a basalt altar of Yredelemnul.
   796 | D        | Found a bloodstained altar of Trog.
   796 | D        | Found a burning altar of Makhleb.
   796 | D        | Found an opulent altar of Gozag.
   797 | D        | Noticed a polar bear
   797 | D        | Noticed a polar bear
   798 | D        | Noticed a hornet
   800 | D        | Noticed a yaktaur
   802 | D        | Killed a polar bear
   802 | D        | Reached XP level 8. HP: 73/80 MP: 8/8
   811 | D        | Killed a polar bear
   811 | D        | Reached skill level 12 in Long Blades
   814 | D        | Paralysed by a hornet for 2 turns
   818 | D        | Slain by a polar bear

Skill      XL: |  1  2  3  4  5  6  7  8 |
---------------+-------------------------+-----
Fighting       | 6 7 8 9 10 | 10.9
Long Blades    | 5 7 8 10 11 12 | 12.0
Dodging        | 5 6 7 8 9 |  9.1
Stealth        | 1 |  1.3
Short Blades   | |  0.6

Action                   |  1- 3 |  4- 6 |  7- 9 || total
-------------------------+-------+-------+-------++-------
Melee: Falchion          |     9 |    57 |    20 ||    86
       Tailslap          |       |    14 |     6 ||    20
       Short sword       |       |       |    13 ||    13
Invok: Berserk           |     1 |     1 |     1 ||     3
       Brothers in Arms  |       |       |     2 ||     2
  Use: Potion            |       |       |     4 ||     4
  Eat: Bread ration      |       |       |     1 ||     1
Armor: Skin              |     3 |     1 |    15 ||    19
Dodge: Dodged            |       |    40 |    35 ||    75
Block: Other             |       |       |    12 ||    12
       Rpst.: Falchion   |       |    11 |     7 ||    18
